 Dungeon Crawl Stone Soup version 0.26-a0-58-g79b31b8662 (webtiles) character file.

Game seed: 5737896296532184033

37 BritishOli the Skirmisher (level 3, 0/29 HPs)
             Began as a Demonspawn Monk on June 8, 2020.
             Succumbed to an adder's poison
             ... on level 3 of the Dungeon.
             The game lasted 00:01:43 (1246 turns).

BritishOli the Skirmisher (Demonspawn Monk)         Turns: 1246, Time: 00:01:43

Health: 0/29       AC:  2    Str: 12    XL:     3   Next: 23%
Magic:  3/3        EV: 13    Int: 11    God:
Gold:   8          SH:  0    Dex: 15    Spells: 2/2 levels left

rFire    . . .     SeeInvis .   a - +0 falchion
rCold    . . .     Gourm    .   (no shield)
rNeg     . . .     Faith    .   b - +0 robe
rPois    .         Spirit   .   (no helmet)
rElec    .         Reflect  .   (no cloak)
rCorr    .         Harm     .   (no gloves)
MR       .....                  (no boots)
Stlth    ++........             (no amulet)
HPRegen  0.09/turn              (no ring)
MPRegen  0.08/turn              (no ring)

@: lethally poisoned (0 -> -6)
A: talons 2
a: no special abilities


You were on level 3 of the Dungeon.
You were very hungry.

You visited 1 branch of the dungeon, and saw 3 of its levels.

You collected 8 gold pieces.

Inventory:

Hand Weapons
 a - a +0 falchion (weapon)
Armour
 b - a +0 robe (worn)
Scrolls
 e - a scroll of noise {unknown}
Comestibles
 c - 5 rations


   Skills:
 + Level 3.5 Fighting
 + Level 3.1 Long Blades
 + Level 3.1 Dodging
 - Level 1.7 Stealth


You had 2 spell levels left.
You didn't know any spells.
Your spell library was empty.

Dungeon Overview and Level Annotations

Branches:
Dungeon (3/15)

Altars:
Uskayaw

Annotations:
D:2 Sigmund


Innate Abilities, Weirdness & Mutations

You have razor-sharp toenails.


Message History

The adder is severely wounded.
The adder barely misses you.
You hit the adder but do no damage. Your kick misses the adder.
The adder is severely wounded.
The adder bites you.
* * * LOW HITPOINT WARNING * * *
The adder completely misses you.
You closely miss the adder. Your kick misses the adder.
The adder is heavily wounded.
The adder bites you.
* * * LOW HITPOINT WARNING * * *
You are lethally poisoned!
The adder poisons you!
You miss the adder. Your kick misses the adder.
The adder is heavily wounded.
* * * LOW HITPOINT WARNING * * *
You feel sick. The adder closely misses you.
You hit the adder but do no damage.
The adder is heavily wounded.
You die...

#########
#........ #@#
#S# #r#
#...†........
#...8.......8
#...........r
#.#.8.......8
#......%)!...
##..8..._...8


You could see an adder and a rat.

Vanquished Creatures
  2 leopard geckos
  2 giant cockroaches (D:1)
  4 goblins
  6 hobgoblins
  4 jackals (D:1)
  A quokka (D:3)
  4 bats
  2 frilled lizards (D:1)
  5 kobolds (D:1)
  2 rats (D:1)
32 creatures vanquished.

Notes
Turn   | Place    | Note
-------+----------+-------------------------------------------
     0 | D:1      | BritishOli the Demonspawn Monk began the quest for the Orb.
     0 | D:1      | Reached XP level 1. HP: 18/18 MP: 1/1
   271 | D:1      | Gained mutation: You have sharp toenails. [demonic
                  | ancestry]
   271 | D:1      | Reached XP level 2. HP: 23/24 MP: 2/2
   946 | D:1      | Gained mutation: You have razor-sharp toenails. [demonic
                  | ancestry]
   946 | D:1      | Reached XP level 3. HP: 29/29 MP: 3/3
  1200 | D:2      | Noticed Sigmund
  1222 | D:3      | Found a hide-covered altar of Uskayaw.
  1244 | D:3      | HP: 1/29 [adder (2)]
  1246 | D:3      | Succumbed to an adder's poison

Illustrated notes

Levels and vault maps discovered:
D:1:      dpeg_arrival_long_road, layout_basic, st_stairs_1
D:2:      layout_basic, st_stairs_1, minmay_octomino_j4, uniq_sigmund
D:3:      minmay_general_purpose_star, layout_basic,
          eat_drink_and_be_merry_uskayaw, first_ration

Skill      XL: |  1  2 |
---------------+-------+-----
Long Blades    | 3 |  3.1
Dodging        | 3 |  3.1
Fighting       | |  3.5
Stealth        | |  1.7

Action                   || total
-------------------------++-------
Melee: Falchion          ||    85
       Kick              ||    19
 Stab: Sleeping          ||     3
Armor: Robe              ||    21
Dodge: Dodged            ||    97
       Rpst.: Falchion   ||    33

Table legend:
 A = Non-vault XP
 B = Vault XP
 C = Vault XP percentage of total XP
 D = Non-vault monster count
 E = Vault monster count
 F = Vault count percentage of total count
                 A         B        C        D         E       F
            +---------+---------+-------+---------+---------+-------
      Total |      46 |       8 |  14.8 |      28 |       4 |  12.5
            +---------+---------+-------+---------+---------+-------
        D:1 |      38 |       4 |   9.5 |      23 |       2 |   8.0
        D:2 |       3 |       1 |  25.0 |       2 |       1 |  33.3
        D:3 |       5 |       3 |  37.5 |       3 |       1 |  25.0
            +---------+---------+-------+---------+---------+-------
